 Dungeon Crawl Stone Soup version 0.24-a0-584-g9d6b971ae4 (webtiles) character file.

Game seed: 9137941926280097759, levelgen mode: deterministic

10608 Malachi the Spear-Bearer (level 11, -1/83 HPs)
             Began as a Demonspawn Gladiator on Sept 3, 2019.
             Was a High Priest of Wu Jian.
             Slain by Rupert
             ... wielding a +2 great mace of protection
              (30 damage)
             ... on level 2 of the Orcish Mines on Sept 4, 2019.
             The game lasted 00:30:35 (10480 turns).

Malachi the Spear-Bearer (Demonspawn Gladiator)    Turns: 10480, Time: 00:30:36

Health: -1/83      AC: 16    Str: 17 (18) XL:     11   Next: 38%
Magic:  11/11      EV:  7    Int:  6 (9)  God:    Wu Jian [*****.]
Gold:   1366       SH:  0    Dex: 15      Spells: 10/10 levels left

rFire    + . .     SeeInvis +   y - +7 Singing Sword {slice, sonic wave}
rCold    . . .     Gourm    .   (no shield)
rNeg     . . .     Faith    .   c - +0 plate armour
rPois    .         Spirit   .   (helmet unavailable)
rElec    .         Reflect  .   (no cloak)
rCorr    .         Harm     .   (no gloves)
MR       .....     Clarity  +   g - +1 pair of boots
Stlth    ..........             (no amulet)
HPRegen  8.23/turn              (no ring)
MPRegen  0.12/turn              (no ring)

@: hasted, very quick
A: antennae 3, hooves 1, blink, clarity, demonic guardian 2, fire resistance 1,
powered by death 2
a: Blink, Wall Jump, Serpent's Lash, Heavenly Storm, Renounce Religion


You were on level 2 of the Orcish Mines.
You worshipped Wu Jian.
Wu Jian was extremely pleased with you.
You were not hungry.

You visited 2 branches of the dungeon, and saw 12 of its levels.
You also visited: Sewer.

You collected 1366 gold pieces.

Inventory:

Hand Weapons
 a - a +0 war axe
 b - a +1 war axe of freezing
 o - the +10 spear "Malachi's Death" {pierce, +Blink rF++ rC+}
   (You found it on level 4 of the Dungeon)

   It inflicts extra damage upon your enemies.
   It greatly protects you from fire.
   It protects you from cold.
   It lets you blink.
 q - a +3 flail of draining
 y - the +7 Singing Sword (weapon) {slice, sonic wave}
   (You found it on level 6 of the Dungeon)

   It inflicts extra damage upon your enemies.
Missiles
 d - 5 throwing nets (quivered)
Armour
 c - a +0 plate armour (worn)
 e - a +1 chain mail
 g - a +1 pair of boots (worn)
Jewellery
 k - a cursed ring of teleportation
Wands
 j - a wand of flame (23)
 C - a wand of random effects (28)
Scrolls
 h - 9 scrolls of identify
 i - 3 scrolls of enchant armour
 n - a scroll of silence {unknown}
 p - 2 scrolls of blinking
 t - 3 scrolls of remove curse
 u - 3 scrolls of teleportation
 x - a scroll of fog
 A - a scroll of enchant weapon
 G - a scroll of amnesia
Potions
 l - 3 potions of flight
 m - 3 potions of might
 r - 10 potions of curing
 v - a potion of agility
 w - 3 potions of heal wounds
 D - a potion of ambrosia
Comestibles
 f - 27 rations


   Skills:
 + Level 6.9 Fighting
 + Level 5.0 Long Blades
 + Level 4.3(8.1) Axes
 + Level 3.6(4.6) Maces & Flails
 + Level 10.0(10.3) Polearms
 + Level 1.9 Throwing
 + Level 8.3 Armour
 + Level 4.0 Dodging
 + Level 2.0 Stealth


You had 10 spell levels left.
You didn't know any spells.
Your spell library contained the following spells:

 Spells                   Type           Power        Failure   Level  Hunger
 Confusing Touch          Hex            #.....       100%        1    ##.....
 Confuse                  Hex            #.......     100%        3    ####...
 Gell's Gravitas          Tloc           #.........   100%        3    ####...
 Petrify                  Tmut/Erth      #.......     100%        4    #####..
 Irradiate                Conj/Tmut      #.........   100%        5    ######.
 Metabolic Englaciation   Hex/Ice        #.........   100%        5    ######.
 Yara's Violent Unravell  Hex/Tmut       #.........   100%        5    ######.
 Hydra Form               Tmut           #.........   100%        6    #######
 Statue Form              Tmut/Erth      #........    100%        6    #######
 Dragon Form              Tmut           #.........   100%        7    #######


Dungeon Overview and Level Annotations

Branches:
Dungeon (10/15)            Temple (0/1) D:4            Lair (0/6) D:9
    Orc (2/2) D:10          Sewer (visited)
    Elf: Orc:2

Altars:
Cheibriados
Gozag
Kikubaaqudgha
Uskayaw
Wu Jian
Yredelemnul
Zin
Beogh

Portals:
Trove: D:10 (give 16 scrolls of identify)

Annotations:
Orc:2 Rupert


Innate Abilities, Weirdness & Mutations

You have a pair of large antennae on your head. (SInv)
A demonic guardian rushes to your aid.
You regenerate health from kills.
You have large cloven feet.
You can translocate small distances at will.
You possess an exceptional clarity of mind.
Your flesh is heat resistant. (rF+)


Message History

Rupert hits you with a +2 great mace of protection!!
The orc hits you but does no damage.
You slash Rupert!
The Singing Sword states, "Their screams, my satisfaction."
You send a blast of sound all around you.
Rupert and the orc are blasted.
Rupert is almost dead.
You kill the orc!
The Council accepts your kill.
Rupert is almost dead.
Rupert hits you with a +2 great mace of protection!!
* * * LOW HITPOINT WARNING * * *
You are too injured to fight recklessly!
You feel much better.
Rupert hits you with a +2 great mace of protection!!
* * * LOW HITPOINT WARNING * * *
You slash Rupert!
Rupert is almost dead.
Rupert hits you with a +2 great mace of protection!!
You die...

##. #..###
###....####
##......#..# ...
#.........######....
#.....).....#.#....
#.#...).).....#......
#...).@@)))).).).....
..))..##...[)........
....) #...).........
..$. ####..<.....#
).. #)........# ..
............# .
<..............
.........#......
.........#.#....


You could see Rupert (berserk).

Vanquished Creatures
  Harold (D:7)
  A centaur skeleton (D:8)
  A guardian mummy (D:10)
  A troll (Orc:1)
  3 hippogriffs
  10 yaks
  A spriggan (D:7)
  2 porcupines (D:9)
  A black bear (D:10)
  13 orc warriors
  A phantom (D:4)
  A necrophage (D:7)
  4 sky beasts
  2 ogres
  A big kobold (Sewer)
  3 crocodiles
  4 bullfrogs
  A wyvern zombie (D:7)
  3 scorpions
  3 killer bees (D:10)
  5 howler monkeys
  6 crimson imps
  A centaur zombie (D:5)
  7 hounds
  A quasit (D:8)
  A bullfrog zombie (D:9)
  2 jellies
  17 orc priests
  2 bullfrog skeletons
  2 iguanas
  13 orc wizards
  8 worker ants
  8 gnolls
  12 adders
  5 river rats
  2 shadow imps
  A white imp (D:10)
  2 oozes (Sewer)
  2 worms (D:2)
  2 dart slugs (D:2)
  3 leopard geckos
  57 orcs
  6 bats
  A bat zombie (D:2)
  4 giant cockroaches
  8 goblins
  6 hobgoblins
  8 jackals
  6 quokkas
  7 ball pythons
  4 frilled lizards
  A jackal zombie (D:7)
  22 kobolds
  2 quokka skeletons
  28 rats
  A rat zombie (D:2)
  3 fungi (D:6)
  6 plants (D:6)
329 creatures vanquished.

Vanquished Creatures (collateral kills)
  A two-headed ogre (D:9)
  A troll (Orc:2)
  A hippogriff (D:9)
  A slime creature (D:7)
  7 yaks
  A porcupine (D:9)
  A black bear (D:5)
  2 orc warriors
  2 ogres (D:7)
  2 crocodiles (D:9)
  A bullfrog (D:7)
  2 scorpions (D:6)
  2 orc priests
  An orc wizard (Orc:2)
  7 orcs
  2 quokkas
  2 bats (D:6)
36 creatures vanquished.

Vanquished Creatures (others)
  A fungus (D:6)
  A plant (D:9)
2 creatures vanquished.

Grand Total: 367 creatures vanquished

Notes
Turn   | Place    | Note
-------+----------+-------------------------------------------
     0 | D:1      | Malachi the Demonspawn Gladiator began the quest for the
                  | Orb.
     0 | D:1      | Reached XP level 1. HP: 16/16 MP: 1/1
   422 | D:1      | Found a hide-covered altar of Uskayaw.
   606 | D:1      | Gained mutation: A weak demonic guardian rushes to your
                  | aid. [demonic ancestry]
   606 | D:1      | Reached XP level 2. HP: 19/22 MP: 2/2
  1090 | D:2      | Gained mutation: You have a pair of small antennae on your
                  | head. [demonic ancestry]
  1090 | D:2      | Reached XP level 3. HP: 12/28 MP: 3/3
  1414 | D:2      | Reached skill level 1 in Armour
  1477 | D:2      | Reached XP level 4. HP: 28/34 MP: 4/4
  1565 | D:2      | Found an ornate altar of the Wu Jian Council.
  1685 | D:2      | Became a worshipper of the Wu Jian Council
  1829 | D:2      | Found an ancient bone altar of Kikubaaqudgha.
  2426 | D:3      | Reached * piety under Wu Jian
  2844 | D:4      | Reached XP level 5. HP: 33/40 MP: 5/5
  3160 | D:4      | Reached skill level 1 in Maces & Flails
  3195 | D:4      | Gained mutation: A demonic guardian rushes to your aid.
                  | [demonic ancestry]
  3195 | D:4      | Reached XP level 6. HP: 41/47 MP: 6/6
  3215 | D:4      | Found a glowing silver altar of Zin.
  3215 | D:4      | Noticed an angel
  3264 | D:4      | Got an encrusted spear
  3273 | D:4      | Identified the +10 spear "Malachi's Death" {pierce, +Blink
                  | rF++ rC+} (You found it on level 4 of the Dungeon)
  3301 | D:4      | Found a staircase to the Ecumenical Temple.
  3608 | D:4      | Gained mutation: You regenerate a little health from kills.
                  | [demonic ancestry]
  3608 | D:4      | Reached XP level 7. HP: 47/52 MP: 7/7
  3648 | D:5      | Entered Level 5 of the Dungeon
  3648 | D:5      | Found a basalt altar of Yredelemnul.
  3649 | D:5      | Reached ** piety under Wu Jian
  3821 | D:5      | Reached skill level 1 in Polearms
  3977 | D:5      | Found a glowing drain.
  3981 | Sewer    | Entered a sewer
  4137 | Sewer    | Reached skill level 2 in Polearms
  4150 | Sewer    | Reached *** piety under Wu Jian
  4271 | Sewer    | Reached skill level 3 in Polearms
  4708 | D:5      | Gained mutation: You regenerate health from kills. [demonic
                  | ancestry]
  4708 | D:5      | Reached XP level 8. HP: 59/60 MP: 8/8
  4852 | D:6      | HP: 2/60 [ogre/+0 giant spiked club (17)]
  5222 | D:6      | Reached skill level 4 in Polearms
  5825 | D:6      | Found the +7 Singing Sword {slice, sonic wave}
  6269 | D:7      | Noticed a slime creature
  6276 | D:7      | Killed a slime creature
  6276 | D:7      | Reached **** piety under Wu Jian
  6276 | D:7      | Reached skill level 5 in Polearms
  6436 | D:7      | Gained mutation: Armour fits poorly on your strangely
                  | shaped body. [potion of mutation]
  6436 | D:7      | Gained mutation: You are covered in fur. (AC +1) [potion of
                  | mutation]
  6437 | D:7      | Lost mutation: Armour fits poorly on your strangely shaped
                  | body. [potion of mutation]
  6437 | D:7      | Lost mutation: You are covered in fur. (AC +1) [potion of
                  | mutation]
  6437 | D:7      | Gained mutation: Your flesh is heat resistant. (rF+)
                  | [potion of mutation]
  6437 | D:7      | Gained mutation: You possess an exceptional clarity of
                  | mind. [potion of mutation]
  6437 | D:7      | Gained mutation: You have large cloven feet. [potion of
                  | mutation]
  6437 | D:7      | Gained mutation: You can translocate small distances at
                  | will. [potion of mutation]
  6558 | D:7      | Noticed a hippogriff
  6563 | D:7      | Killed a hippogriff
  6563 | D:7      | Reached skill level 5 in Fighting
  6563 | D:7      | Reached skill level 5 in Armour
  6936 | D:7      | Reached skill level 1 in Long Blades
  6936 | D:7      | Reached XP level 9. HP: 52/68 MP: 9/9
  7016 | D:7      | Reached skill level 1 in Stealth
  7206 | D:7      | Noticed Harold
  7225 | D:7      | Killed Harold
  7270 | D:7      | Found a roughly hewn altar of Beogh.
  7573 | D:8      | Reached skill level 6 in Polearms
  7622 | D:8      | Gained mutation: You have a pair of antennae on your head.
                  | [demonic ancestry]
  7622 | D:8      | Reached XP level 10. HP: 76/76 MP: 10/10
  7686 | D:8      | Found a snail-covered altar of Cheibriados.
  7687 | D:8      | Found an opulent altar of Gozag.
  8320 | D:9      | Found a staircase to the Lair.
  8332 | D:9      | Reached skill level 7 in Polearms
  8562 | D:9      | Noticed a two-headed ogre
  8569 | D:9      | Killed a two-headed ogre
  8760 | D:9      | Reached ***** piety under Wu Jian
  8963 | D:9      | Reached skill level 8 in Polearms
  9224 | D:10     | Entered Level 10 of the Dungeon
  9312 | D:10     | Reached skill level 9 in Polearms
  9312 | D:10     | Gained mutation: You have a pair of large antennae on your
                  | head. (SInv) [demonic ancestry]
  9312 | D:10     | Reached XP level 11. HP: 83/83 MP: 11/11
  9469 | D:10     | Found a portal to a secret trove of treasure.
 10303 | D:10     | Found a staircase to the Orcish Mines.
 10322 | Orc:1    | Entered Level 1 of the Orcish Mines
 10459 | Orc:2    | Entered Level 2 of the Orcish Mines
 10466 | Orc:2    | Noticed Rupert
 10471 | Orc:2    | Reached skill level 5 in Long Blades
 10471 | Orc:2    | Reached skill level 10 in Polearms
 10480 | Orc:2    | Slain by Rupert

Levels and vault maps discovered:
D:1:      elethiomel_arrival_infinity_welcomes_careful_drivers,
          layout_loops_cross, minivault_4, minmay_hexomino_r4
D:2:      layout_basic, lemuel_zombie_altar_kikubaaqudgha, lemuel_doored_altar
D:3:      layout_basic
D:4:      layout_gridville, zin_angel, temple_statues, first_ration,
          kennysheep_cluttered_room
D:5:      layout_basic, gup_sewer_entry_bowl, basic_altar, kennysheep_doodads
D:6:      old_forge, layout_basic
D:7:      minmay_opposing_rooms, layout_cave_pods, the_bakery,
          david_defended_altar_orc, uniq_harold
D:8:      layout_loops_cross, gammafunk_temple_overflow_pools
D:9:      minmay_goldmine, layout_loops_corners, minmay_lair_entry_grove,
          statue_in_the_mist_lemuel
D:10:     layout_loops_corners, david_orc_4, nicolae_trove_entry_path_of_doom,
          minmay_fire_ice_demons
Orc:1:    layout_caves, serial_shops, nicolae_shop_statue_plus, shop
Orc:2:    st_orc_pillars, layout_diamond_mine, special_room, nooodl_orcs_dogs,
          uniq_donald, uniq_saint_roka, uniq_rupert

Skill      XL: |  1  2  3  4  5  6  7  8  9 10 11 |
---------------+----------------------------------+-----
Axes           | 3 4 |  4.3
Armour         | 1 2 3 5 6 7 8 |  8.3
Dodging        | 3 4 |  4.0
Fighting       | 3 4 5 6 |  6.9
Maces & Flails | 1 3 |  3.6
Polearms       | 3 5 6 9 10 | 10.0
Long Blades    | 1 4 5 |  5.0
Stealth        | 1 2 |  2.0
Throwing       | |  1.9

Action                   |  1- 3 |  4- 6 |  7- 9 | 10-12 || total
-------------------------+-------+-------+-------+-------++-------
Melee: War axe           |    98 |    30 |       |       ||   128
       Flail             |       |    88 |       |       ||    88
       Spear             |       |    38 |   295 |   403 ||   736
       Double sword      |       |       |    40 |    16 ||    56
Invok: Lunge             |       |    11 |     5 |     2 ||    18
       Whirlwind         |       |       |    11 |       ||    11
 Abil: Wall Jump         |       |       |     1 |     1 ||     2
  Use: Scroll            |     4 |     5 |     5 |     2 ||    16
       Potion            |       |       |     5 |     9 ||    14
 Stab: Distracted        |       |       |     1 |       ||     1
  Eat: Chunk             |     2 |     7 |     4 |     5 ||    18
       Ration            |       |       |     3 |     1 ||     4
Armor: Chain mail        |    80 |   106 |    75 |       ||   261
       Plate armour      |       |       |    51 |   155 ||   206
Dodge: Dodged            |    48 |    65 |    69 |    76 ||   258
       Rpst.: Double sword |       |       |       |     1 ||     1

Table legend:
 A = Non-vault XP
 B = Vault XP
 C = Vault XP percentage of total XP
 D = Non-vault monster count
 E = Vault monster count
 F = Vault count percentage of total count
                 A         B        C        D         E       F
            +---------+---------+-------+---------+---------+-------
      Total |   10351 |    4804 |  31.7 |     233 |     123 |  34.6
            +---------+---------+-------+---------+---------+-------
        D:1 |      10 |       4 |  28.6 |       6 |       3 |  33.3
        D:2 |      98 |       3 |   3.0 |      26 |       2 |   7.1
        D:3 |      38 |       0 |   0.0 |      18 |       0 |   0.0
        D:4 |     633 |       0 |   0.0 |      29 |       0 |   0.0
        D:5 |     452 |      17 |   3.6 |      14 |       3 |  17.6
        D:6 |     450 |     268 |  37.3 |      14 |      12 |  46.2
        D:7 |     456 |    1685 |  78.7 |      15 |      13 |  46.4
        D:8 |    1971 |       0 |   0.0 |      31 |       0 |   0.0
        D:9 |    2527 |    1617 |  39.0 |      28 |      23 |  45.1
       D:10 |    2078 |     954 |  31.5 |      23 |      19 |  45.2
      Orc:1 |     602 |       0 |   0.0 |       8 |       0 |   0.0
      Orc:2 |    1036 |       0 |   0.0 |      21 |       0 |   0.0
      Sewer |       0 |     256 | 100.0 |       0 |      48 | 100.0
            +---------+---------+-------+---------+---------+-------
